 Dungeon Crawl Stone Soup version 0.31-a0-233-g139696dc86 (webtiles) character file.

Game seed: 13404912144623851943

32 Iniera the Cutter (level 3, 0/22 HPs)
             Began as a Tengu Gladiator on July 8, 2023.
             Slain by a black bear (3 damage)
             ... on level 2 of the Dungeon.
             The game lasted 00:01:20 (876 turns).

Iniera the Cutter (Tengu Gladiator)                  Turns: 876, Time: 00:01:21

Health: 0/22       AC:  4    Str: 14    XL:     3   Next: 27%
Magic:  4/4        EV: 13    Int:  8    God:
Gold:   67         SH:  0    Dex: 17    Spells: 2/2 levels left

rFire   . . .        a - +0 rapier
rCold   . . .        (no shield)
rNeg    . . .        b - +0 leather armour
rPois   .            c - +0 hat
rElec   .            n - +0 cloak
rCorr   .            (no gloves)
SInv    .            (boots unavailable)
Will    .....        (no amulet)
Stlth   +            (no ring)
HPRegen 0.23/turn    (no ring)
MPRegen 0.09/turn

%: no passive effects
@: no status effects
A: beak, talons 3
a: no special abilities


You were on level 2 of the Dungeon.
You visited 1 branch of the dungeon, and saw 2 of its levels.

You collected 67 gold pieces.

Inventory:

Hand Weapons
 a - a +0 rapier (weapon)
Missiles
 d - 3 throwing nets (quivered)
 e - a javelin
 i - 6 poisoned darts
Armour
 b - a +0 leather armour (worn)
 c - a +0 hat (worn)
 n - a +0 cloak (worn)
Scrolls
 f - a scroll of revelation {unknown}
 g - a scroll of butterflies {unknown}
 h - a scroll of teleportation {unknown}
 j - a scroll of brand weapon {unknown}
 o - 2 scrolls of identify {unknown}
Potions
 k - a potion of curing {unknown}
 l - a potion of magic {unknown}
 m - 2 potions of mutation {unknown}


   Skills:
 + Level 2.4 Fighting
 * Level 4.1 Short Blades
 - Level 2.0 Throwing
 + Level 3.6 Dodging


You had 2 spell levels left.
You didn't know any spells.
Your spell library was empty.

Dungeon Overview and Level Annotations

Branches:
Dungeon (2/15)

Altars:
Fedhas


Innate Abilities, Weirdness & Mutations

You have a beak for a mouth.
You have claws for feet.


Message History

You closely miss the hobgoblin. The hobgoblin barely misses you.
You hit the black bear.
The black bear is lightly wounded.
The black bear bites you but does no damage.
The black bear claws you but does no damage. x2
The hobgoblin barely misses you.
You hit the black bear.
The black bear is moderately wounded.
The black bear bites you. The black bear claws you.
The black bear claws you but does no damage.
The hobgoblin completely misses you.
You hit the black bear. Your kick misses the black bear.
You peck the black bear.
The black bear is moderately wounded.
The black bear bites you!
The black bear claws you but does no damage. x2
The hobgoblin hits you.
You are too injured to fight recklessly!
The hobgoblin attacks as you move away! The hobgoblin barely misses you.
The endoplasm attacks as you move away! The endoplasm closely misses you.
The hobgoblin attacks as you move away!
The hobgoblin hits you but does no damage.
The endoplasm attacks as you move away!
The endoplasm hits you but does no damage.
The hobgoblin attacks as you move away! The hobgoblin closely misses you.
The black bear attacks as you move away!
The black bear bites you but does no damage.
The black bear barely misses you. x2
The endoplasm attacks as you move away! The endoplasm barely misses you.
The black bear attacks as you move away!
The black bear closely misses you. The black bear claws you. x2
There is a blossoming altar of Fedhas here.
The hobgoblin attacks as you move away! The hobgoblin closely misses you.
The hobgoblin attacks as you move away! The hobgoblin misses you.
Found 6 stones.
The black bear attacks as you move away!
The black bear bites you.
* * * LOW HITPOINT WARNING * * *
The black bear barely misses you. The black bear claws you.
You die...

...........#
...........#
...####...#### #. #.
#......# ..#..#
#......# ##.#..#
#..._..#
...#..#####...J.#
#.............gh#####
.#...######.....@...#
.....##.........###(#
........##.####.#
..##..##...# #...
.........### ##...
......#..# ..#
##..#.....# #.
##..#....# ...#.#....


You could see a black bear, an endoplasm and a hobgoblin.

Vanquished Creatures
  3 dart slugs (D:1)
  A ball python (D:1)
  3 endoplasms (D:1)
  2 giant cockroaches
  3 goblins (D:1)
  3 hobgoblins (D:1)
  6 bats (D:1)
  A frilled lizard (D:1)
  3 rats (D:1)
25 creatures vanquished.

Notes
Turn   | Place    | Note
-------+----------+-------------------------------------------
     0 | D:1      | Iniera the Tengu Gladiator began the quest for the Orb.
     0 | D:1      | Reached XP level 1. HP: 12/12 MP: 2/2
   298 | D:1      | Reached XP level 2. HP: 17/17 MP: 3/3
   492 | D:1      | Reached XP level 3. HP: 20/22 MP: 4/4
   514 | D:1      | Reached skill level 4 in Short Blades
   852 | D:2      | Found a blossoming altar of Fedhas.
   859 | D:2      | Noticed a black bear
   876 | D:2      | Slain by a black bear

Illustrated notes

Levels and vault maps discovered:
D:1:      dpeg_arrival_round_a, layout_loops_ring
D:2:      layout_rooms, basic_altar, small_statue_intersection,
          minmay_crystal_water

Skill      XL: |  1  2  3 |
---------------+----------+-----
Short Blades   | 4 |  4.1
Fighting       | |  2.4
Throwing       | |  2.0
Dodging        | |  3.6

Action                     || total
---------------------------++-------
  Melee: Rapier            ||    51
         Peck              ||     6
         Kick              ||    11
         Punch             ||     1
   Stab: Sleeping          ||     1
 Armour: Leather armour    ||    21
  Dodge: Dodged            ||    44

Table legend: (Time is in decaauts)
 A = Elapsed time spent in this place.
 B = Non-inter-level travel time spent in this place.
 C = Inter-level travel time spent in this place.
 D = Time resting spent in this place.
 E = Time spent auto-exploring this place.
 F = Levels seen in this place.
 G = Mean time per level.
                   A        B        C        D        E       F      G
               +--------+--------+--------+--------+--------+-----+--------+
         Total |    875 |    844 |     31 |      0 |    669 |   2 |  437.5 |
       Dungeon |    875 |    844 |     31 |      0 |    669 |   2 |  437.5 |
               +--------+--------+--------+--------+--------+-----+--------+

Top non-repeatable levels by time:
     D:1: 832 daAuts
     D:2: 42 daAuts
